 Dungeon Crawl Stone Soup version 0.28-a0-769-g550dbda0cd (webtiles) character file.

Game seed: 2650263295331268054

2222 pokeman the Thaumaturge (level 9, 0/48 HPs)
             Began as a Deep Elf Hedge Wizard on Oct 31, 2021.
             Was an Initiate of Vehumet.
             Succumbed to a water moccasin's poison
             ... on level 7 of the Dungeon.
             The game lasted 00:15:03 (7051 turns).

pokeman the Thaumaturge (Deep Elf Hedge Wizard)     Turns: 7051, Time: 00:15:04

Health: 0/48       AC:  4    Str:  7    XL:     9   Next: 13%
Magic:  15/25      EV:  6    Int: 29    God:    Vehumet [......]
Gold:   399        SH:  0    Dex: 14    Spells: 13/29 levels left

rFire   . . .      SeeInvis .   u - +0 short sword (elec)
rCold   . . .      Faith    .   (no shield)
rNeg    . . .      Spirit   .   i - +0 leather armour
rPois   .          Reflect  .   j - +0 helmet
rElec   .          Harm     .   (no cloak)
rCorr   .          Rampage  .   (no gloves)
Will    .....                   (no boots)
Stlth   ++........              c - amulet of magic regeneration
HPRegen 0.16/turn               f - ring of wizardry
MPRegen 0.44/turn               k - +6 ring of intelligence

@: lethally poisoned (0 -> -5), marked, on blink cooldown, flying, held
A: no striking features
a: Renounce Religion


You were on level 7 of the Dungeon.
You worshipped Vehumet.
Vehumet was noncommittal.
You visited 1 branch of the dungeon, and saw 7 of its levels.

You collected 399 gold pieces.

Inventory:

Hand Weapons
 u - a +0 short sword of electrocution (weapon)
Missiles
 l - 36 arrows
 t - 47 bolts
Armour
 a - a scarf of invisibility
 b - a +1 ring mail of cold resistance
 i - a +0 leather armour (worn)
 j - a +0 helmet (worn)
 B - a +0 buckler of reflection
Jewellery
 c - an amulet of magic regeneration (around neck)
 f - a ring of wizardry (left hand)
 k - a +6 ring of intelligence (right hand)
 w - a +6 ring of dexterity
Wands
 z - a wand of flame (7)
 A - a wand of polymorph (10)
Scrolls
 e - 6 scrolls of identify {unknown}
 n - a scroll of vulnerability {unknown}
 p - a scroll of enchant armour {unknown}
 q - 3 scrolls of magic mapping {unknown}
 v - 2 scrolls of fog {unknown}
 y - 3 scrolls of amnesia {unknown}
 C - a scroll of teleportation {unknown}
 E - a scroll of brand weapon {unknown}
Potions
 d - a potion of flight
 g - a potion of brilliance {unknown}
 h - a potion of cancellation {unknown}
 m - a potion of attraction {unknown}
 o - a potion of ambrosia {unknown}
 r - 3 potions of curing {unknown}
 s - a potion of heal wounds {unknown}
 x - 3 potions of berserk rage {unknown}
 D - 2 potions of might
 F - a potion of haste {unknown}


   Skills:
 - Level 2.0 Fighting
 - Level 2.3 Armour
 - Level 3.0 Dodging
 - Level 2.4 Stealth
 + Level 2.4 Shields
 * Level 10.8 Spellcasting
 + Level 5.9 Conjurations
 - Level 1.1 Summonings
 - Level 1.1 Translocations
 + Level 4.7 Fire Magic
 - Level 1.1 Ice Magic
 - Level 1.2 Air Magic
 - Level 1.0 Poison Magic
 - Level 1.1 Evocations


You had 13 spell levels left.
You knew the following spells:

 Your Spells              Type           Power      Damage    Failure   Level
a - Magic Dart            Conj           100%       1d8       1%          1
b - Mephitic Cloud        Conj/Pois/Air  31%        N/A       1%          3
c - Call Imp              Summ           22%        N/A       1%          2
d - Blink                 Tloc           44%        N/A       1%          2
e - Conjure Flame         Conj/Fire      46%        6-21      1%          3
f - Freezing Cloud        Conj/Ice/Air   15%        6-21      17%         5

Your spell library contained the following spells:

 Spells                   Type           Power      Damage    Failure   Level
 Slow                     Hex            60%        N/A       1%          1
 Ignite Poison            Fire/Tmut/Pois 27%        N/A       2%          3
 Confusing Touch          Hex            15%        N/A       6%          3
 Vampiric Draining        Necr           7%         2d7       6%          3


Dungeon Overview and Level Annotations

Branches:
Dungeon (7/15)
 Temple: D:4-7

Altars:
Hepliaklqana
Qazlal
Vehumet

Shops:
D:6 =

Annotations:
D:7 Harold


Message History

The centaur is engulfed in noxious fumes.
The centaur appears confused.
Something hits you. Something shocks you.
* * * LOW HITPOINT WARNING * * *
A phantom comes into view.
A howler monkey zombie comes into view.
The centaur says, "Why is everything spinning?"
Unknown command.
Unknown command.
You hit the black bear.
The black bear is lightly wounded.
You feel sick.
Harold the Weathered comes into view.
He is wielding a +0 scimitar and wearing a +2 chain mail of fire resistance.
Something hits the centaur zombie.
Something shocks the centaur zombie.
The centaur is engulfed in noxious fumes.
The centaur appears confused.
The centaur unwields a +0 shortbow.
The centaur hits the ice beast.
The centaur barely misses the ice beast.
The black bear bites you.
* * * LOW HITPOINT WARNING * * *
The black bear barely misses you. The black bear closely misses you.
A kobold brigand comes into view.
It is wielding a +0 dagger and quivering curare-tipped darts.
Casting: Mephitic Cloud (safe; 1% risk of failure)
Confirm with . or Enter, or press ? or * to list all spells.
You blink.
An ufetubus comes into view.
* * * LOW HITPOINT WARNING * * *
You feel sick.
The centaur is engulfed in noxious fumes.
The centaur appears confused.
The centaur hits you.
* * * LOW HITPOINT WARNING * * *
The centaur kicks you but does no damage.
Harold throws a throwing net.
The throwing net hits you.
You become entangled in the net!
The centaur is engulfed in noxious fumes.
The centaur appears confused.
The centaur barely misses Harold. x2
The centaur hits itself but does no damage.
The centaur barely misses itself.
It was a potion of flight.
You feel very buoyant.
You fly up into the air.
You die...

#.#####.# #.......#
#####.### #.############
#########.##.........# ..
......KZ..##......>..# ...
####.##K####.........##...
#Z## #............#
#.{###@W........#
##h§Yc..........#
####@####......##... #5#
##.......!.# #.#
#......##### #.#...###..#
.....# #..# #.### #..# #.#
#...


You could see Harold, a phantom, a black bear (confused), an ice beast, a
centaur (confused) and an ufetubus.

Vanquished Creatures
  Pikel (D:5)
  Sigmund (D:3)
  2 water moccasins
  2 ice beasts
  A black bear (D:5)
  A necrophage (D:6)
  3 ogres
  2 lemures (D:5)
  Blork the orc (D:5)
  2 scorpions
  A wyvern zombie (D:5)
  A bullfrog zombie (D:6)
  An orc priest (D:4)
  A jelly (D:6)
  4 iguanas
  Terence (D:2)
  Natasha (thrice) (D:2)
  3 orc wizards
  Robin (D:3)
  8 adders
  An ufetubus (D:5)
  4 dart slugs
  2 worms (D:3)
  10 orcs
  5 endoplasms
  3 giant cockroaches
  13 goblins
  11 hobgoblins
  11 ball pythons
  5 bats
  6 frilled lizards
  8 kobolds
  2 rats
  A spectral kobold (D:2)
122 creatures vanquished.

Notes
Turn   | Place    | Note
-------+----------+-------------------------------------------
     0 | D:1      | pokeman the Deep Elf Hedge Wizard began the quest for the
                  | Orb.
     0 | D:1      | Reached XP level 1. HP: 10/10 MP: 7/7
   344 | D:1      | Reached XP level 2. HP: 15/15 MP: 3/9
   718 | D:1      | Reached skill level 5 in Spellcasting
   982 | D:1      | Reached XP level 3. HP: 17/20 MP: 6/11
   986 | D:1      | Learned a level 3 spell: Mephitic Cloud
   989 | D:1      | Learned a level 2 spell: Call Imp
   992 | D:1      | Learned a level 2 spell: Blink
   996 | D:1      | Learned a level 3 spell: Conjure Flame
  1214 | D:2      | Noticed Terence
  1233 | D:2      | Killed Terence
  1234 | D:2      | Reached skill level 1 in Fighting
  1234 | D:2      | Reached skill level 1 in Armour
  1308 | D:2      | Found a faded altar of an unknown god.
  1643 | D:2      | Noticed Natasha
  1656 | D:2      | Killed Natasha
  1657 | D:2      | Reached XP level 4. HP: 25/25 MP: 5/13
  1703 | D:2      | Noticed Natasha
  1714 | D:2      | Killed Natasha
  1719 | D:2      | Reached skill level 1 in Fire Magic
  1917 | D:2      | Reached skill level 6 in Spellcasting
  2031 | D:2      | Reached XP level 5. HP: 27/29 MP: 4/15
  2044 | D:2      | Noticed Natasha
  2053 | D:2      | Killed Natasha
  2336 | D:3      | You fall into a shaft and drop 2 floors!
  2336 | D:5      | Entered Level 5 of the Dungeon
  2336 | D:5      | Noticed a water moccasin
  2348 | D:5      | Killed a water moccasin
  2349 | D:5      | Reached skill level 1 in Air Magic
  2349 | D:5      | Reached XP level 6. HP: 33/34 MP: 14/17
  2369 | D:4      | Reached skill level 1 in Shields
  2386 | D:4      | Noticed an ice beast
  2406 | D:4      | Killed an ice beast
  2407 | D:4      | Reached skill level 7 in Spellcasting
  2407 | D:4      | Reached skill level 1 in Poison Magic
  2678 | D:3      | Noticed Sigmund
  2689 | D:3      | Killed Sigmund
  2690 | D:3      | Reached XP level 7. HP: 24/39 MP: 13/20
  2864 | D:3      | Reached skill level 8 in Spellcasting
  3225 | D:3      | Noticed Robin
  3246 | D:3      | Killed Robin
  3452 | D:4      | Reached skill level 1 in Evocations
  4020 | D:5      | Noticed Pikel
  4041 | D:5      | Killed Pikel
  4042 | D:5      | Reached skill level 9 in Spellcasting
  4042 | D:5      | Reached skill level 5 in Conjurations
  4042 | D:5      | Reached XP level 8. HP: 38/44 MP: 17/23
  4168 | D:5      | Noticed Blork the orc
  4181 | D:5      | Killed Blork the orc
  4182 | D:5      | Reached skill level 10 in Spellcasting
  4406 | D:5      | Found a radiant altar of Vehumet.
  4413 | D:5      | Became a worshipper of Vehumet
  4537 | D:5      | Found a stormy altar of Qazlal.
  4641 | D:5      | Noticed a two-headed ogre
  4760 | D:5      | Learned a level 5 spell: Freezing Cloud
  5004 | D:5      | Found a hazy altar of Hepliaklqana.
  6332 | D:6      | Found Donwutan's Jewellery Shop.
  6374 | D:6      | Reached skill level 1 in Ice Magic
  6374 | D:6      | Reached XP level 9. HP: 19/46 MP: 22/25
  7049 | D:7      | Noticed Harold
  7050 | D:7      | HP: 2/48 [centaur (3)]
  7051 | D:7      | Succumbed to a water moccasin's poison

Illustrated notes

Levels and vault maps discovered:
D:1:      elethiomel_arrival_shortcut, layout_basic
D:2:      layout_loops_cross, dreamdust_ecumenical_altar_drowned_temple,
          serial_rivers, chequers_serial_rivers_large_b,
          chequers_serial_rivers_large_a, chequers_serial_rivers_micro_d,
          chequers_serial_rivers_micro_b, chequers_serial_rivers_marsh,
          minmay_pentomino_o4, uniq_terence, uniq_natasha
D:3:      layout_rooms, moated_statue, uniq_robin, uniq_sigmund
D:4:      layout_basic, interstate_on_off, hangedman_decor_growths
D:5:      layout_layer_cave, lemuel_crystal_altar,
          worldfamousw_hep_ancestral_shrine, general_overflow_altar,
          minmay_tree_intersection, lightli_corner_chamber, uniq_pikel,
          uniq_blork_the_orc
D:6:      layout_layer_cave, serial_bayou_pond_d, grunt_ministairs_13,
          minmay_shop_enchanted_jewellery
D:7:      layout_rooms, minmay_temple_entry_sparse_star, uniq_harold

Skill      XL: |  1  2  3  4  5  6  7  8 |
---------------+-------------------------+-----
Spellcasting   | 5 6 7 9 10 | 10.8
Fighting       | 1 2 |  2.0
Armour         | 1 2 |  2.3
Conjurations   | 2 3 5 |  5.9
Fire Magic     | 1 3 4 |  4.7
Dodging        | 3 |  3.0
Air Magic      | 1 |  1.2
Shields        | 1 2 |  2.4
Poison Magic   | 1 |  1.0
Evocations     | 1 |  1.1
Ice Magic      | 1 |  1.1
Stealth        | |  2.4
Summonings     | |  1.1
Translocations | |  1.1

Action                   |  1- 3 |  4- 6 |  7- 9 || total
-------------------------+-------+-------+-------++-------
Melee: Dagger            |     7 |     5 |       ||    12
       Short sword       |       |     2 |    40 ||    42
 Cast: Magic Dart        |    89 |   107 |   180 ||   376
       Mephitic Cloud    |     2 |     4 |     9 ||    15
       Conjure Flame     |     1 |     3 |     6 ||    10
       Blink             |       |       |     3 ||     3
       Call Imp          |       |       |     1 ||     1
  Use: Potion            |       |       |     1 ||     1
 Stab: Confused          |     1 |     1 |     3 ||     5
Armor: Robe              |     1 |       |       ||     1
       Leather armour    |     1 |     6 |    16 ||    23
Dodge: Dodged            |     9 |    17 |    37 ||    63

Table legend: (Time is in decaauts)
 A = Elapsed time spent in this place.
 B = Non-inter-level travel time spent in this place.
 C = Inter-level travel time spent in this place.
 D = Time resting spent in this place.
 E = Time spent auto-exploring this place.
 F = Levels seen in this place.
 G = Mean time per level.
                   A        B        C        D        E       F      G
               +--------+--------+--------+--------+--------+-----+--------+
         Total |   7099 |   6928 |    171 |    102 |   5881 |   7 | 1014.1 |
       Dungeon |   7099 |   6928 |    171 |    102 |   5881 |   7 | 1014.1 |
               +--------+--------+--------+--------+--------+-----+--------+

Top non-repeatable levels by time:
     D:6: 1666 daAuts
     D:5: 1631 daAuts
     D:1: 1171 daAuts
     D:2: 1144 daAuts
     D:3: 722 daAuts
     D:4: 664 daAuts
     D:7: 98 daAuts
